AoeStats
← przemulek123

Arabia

510376282Analyzed
1v1 RM · 1d ago on Sep 30, 2026· 35m 17s· 2 players
Game mode
Random Map
Map size
Tiny (2 player)
Population
200
Speed
Normal
Resources
Standard
Victory
Conquest
Starting age
Dark Age
Ending age
Imperial Age
RankedLock teamsTeams togetherTeam positionsShared explorationLock speedFull tech treeHidden civsTurbo modeCheats
Victory
Defeat
🇦🇷 Persians · Argentina
990
+16
🇵🇱 Bulgarians · Poland
981
-16
przemulek123
10:38 Feudal Age
11:06 Double-Bit Axe
12:45 Loom
17:34 Town Watch
22:42 Horse Collar
23:01 Arson
28:53 Castle Age
29:05 Pikeman
33:22 Pikeman
34:24 Pikeman
javierva89
7:25 Loom
9:56 Feudal Age
17:42 Wheelbarrow
22:03 Castle Age
21:20 Bloodlines
22:46 Scale Barding Armor
22:51 Double-Bit Axe
25:41 Chain Barding Armor
26:46 Forging
Connection lost

Rejoining the realm…

Still unreachable

The connection could not be restored.

Session expired

The server has moved on; the page needs a fresh start.